 Dungeon Crawl Stone Soup version 0.30-a0-34-gbe8da3892a (webtiles) character file.

Game seed: 5720280202684913995

3729 porpoise the Spear-Bearer (level 10, -1/79 HPs)
             Began as a Merfolk Gladiator on Aug 28, 2022.
             Slain by a yak (7 damage)
             ... on level 8 of the Dungeon.
             The game lasted 00:28:16 (9294 turns).

porpoise the Spear-Bearer (Merfolk Gladiator)       Turns: 9294, Time: 00:28:17

Health: -1/79      AC: 13    Str: 18    XL:     10   Next: 14%
Magic:  10/10      EV: 14    Int:  7    God:
Gold:   363        SH:  0    Dex: 17    Spells: 9/9 levels left

rFire   . . .      SeeInvis .    a - +0 trident
rCold   . . .      Faith    .    (no shield)
rNeg    . . .      Spirit   .    y - +4 ring mail
rPois   .          Reflect  .    c - +0 helmet
rElec   .          Harm     .    (no cloak)
rCorr   .          Rampage  .    j - +0 pair of gloves
Will    .....                    g - +0 pair of boots
Stlth   +.........               (no amulet)
HPRegen 0.23/turn                (no ring)
MPRegen 0.12/turn                (no ring)

@: studying Evocations
A: (nimble swimmer 2), mertail
a: no special abilities


You were on level 8 of the Dungeon.
You visited 2 branches of the dungeon, and saw 9 of its levels.
You also visited: Sewer.

You collected 363 gold pieces.

Inventory:

Hand Weapons
 a - a +0 trident (weapon)
Missiles
 d - 4 throwing nets
 e - 7 javelins
 h - 14 poisoned darts (quivered)
Armour
 c - a +0 helmet (worn)
 g - a +0 pair of boots (worn)
 j - a +0 pair of gloves (worn)
 y - a +4 ring mail (worn)
Jewellery
 C - an amulet of faith
Wands
 t - a wand of roots (9)
 z - a wand of paralysis (10)
 A - a wand of mindburst (11)
Scrolls
 b - a scroll of butterflies {unknown}
 k - a scroll of poison
 m - a scroll of immolation {unknown}
 n - 3 scrolls of noise
 p - 2 scrolls of vulnerability
 q - a scroll of magic mapping
 s - a scroll of teleportation
 u - a scroll of fear {unknown}
 x - a scroll of torment
 B - a scroll of enchant armour {unknown}
Potions
 i - a potion of flight
 l - 2 potions of mutation
 o - 4 potions of curing
 r - a potion of might {unknown}
 v - a potion of lignification {unknown}
 w - a potion of attraction {unknown}


   Skills:
 - Level 7.0 Fighting
 - Level 14.0 Polearms
 - Level 3.1 Throwing
 + Level 3.0 Armour
 + Level 7.0 Dodging
 + Level 5.0 Evocations


You had 9 spell levels left.
You didn't know any spells.
Your spell library contained the following spells:

 Spells                   Type           Power      Damage    Failure   Level
 Beastly Appendage        Tmut           0%         N/A       63%         1
 Foxfire                  Conj/Fire      0%         2x1d4     63%         1
 Necrotise                Necr           0%         1d4       63%         1
 Blink                    Tloc           0%         N/A       77%         2
 Poisonous Vapours        Pois/Air       0%         N/A       77%         2
 Sublimation of Blood     Necr           0%         N/A       77%         2
 Wereblood                Tmut           0%         N/A       77%         2
 Conjure Flame            Conj/Fire      0%         6-21      94%         3
 Inner Flame              Hex/Fire       0%         N/A       94%         3
 Spider Form              Tmut/Pois      0%         N/A       94%         3
 Vampiric Draining        Necr           0%         2d6       94%         3
 Corpse Rot               Necr/Pois/Air  0%         N/A       100%        4
 Flame Wave               Conj/Fire      0%         2d4       100%        4
 Petrify                  Tmut/Erth      0%         N/A       100%        4
 Agony                    Necr           0%         N/A       100%        5
 Irradiate                Conj/Tmut      0%         3d11      100%        5
 Manifold Assault         Tloc           0%         N/A       100%        5
 Storm Form               Tmut/Air       0%         N/A       100%        7


Dungeon Overview and Level Annotations

Branches:
Dungeon (8/15)             Temple (1/1) D:5           Sewer (visited)
   Lair: D:8-11

Altars:
Ashenzari
Cheibriados
Dithmenos
Fedhas
Gozag
Hepliaklqana
Kikubaaqudgha
Makhleb
Nemelex Xobeh
Okawaru
Qazlal
Ru
Sif Muna
Trog
Uskayaw
Vehumet
Wu Jian
Xom
Zin
The Shining One


Innate Abilities, Weirdness & Mutations

((You are very nimble when in or above water. (Stealth+, EV+, Speed+++)))
Your lower body shifts to a powerful aquatic tail in water.


Message History

You puncture the yak!
You kill the yak!
The yak misses you.
Your Armour skill increases to level 3!
Your Dodging skill increases to level 7!
Your Evocations skill increases to level 5!
You puncture the yak!
The yak is lightly wounded.
You hit the yak.
The yak is moderately wounded.
The yak gores you but does no damage.
You puncture the yak!
The yak is heavily wounded.
You hit the yak.
The yak is heavily wounded.
You hit the yak but do no damage.
The yak is heavily wounded.
The yak misses you.
As you read the scroll of teleportation, it crumbles to dust.
You feel strangely unstable.
The yak is no longer paralysed.
The yak gores you but does no damage. x2
The yak attacks as you move away! The yak gores you but does no damage.
Your surroundings seem slightly different.
The yak misses you. The yak gores you!
* * * LOW HITPOINT WARNING * * *
The yak gores you!
* * * LOW HITPOINT WARNING * * *
You hit the yak but do no damage.
The yak is heavily wounded.
Unknown command.
You hit the yak but do no damage.
The yak is heavily wounded.
The yak gores you.
* * * LOW HITPOINT WARNING * * *
The yak misses you. The yak gores you but does no damage.
Unknown command.
You barely miss the yak.
The yak is heavily wounded.
The yak gores you!
You die...

#...#..............#
.....#..............#
.######.....##########
.. .........#....... .
........)#......
........§# ....
.........###'#####
.......YY#Y......#
.......@Y#.......#
.>......†')......#
.........#)......#
##+#######.......#
#.......# +.......#
#.......# #.......#
#.......#


You could see 3 yaks.

Vanquished Creatures
  Prince Ribbit (D:5)
  A wyvern (D:8)
  5 yaks
  Eustachio (D:5)
  2 water moccasins
  3 orc warriors
  An ice beast (D:7)
  A sky beast (D:7)
  4 black bears
  2 ogres
  A phantom (D:6)
  A bullfrog (D:6)
  A water moccasin zombie (D:4)
  4 scorpions (D:6)
  2 howler monkeys
  4 hounds
  A jelly (D:6)
  A gnoll bouda (D:6)
  2 orc priests
  Ijyb (D:5)
  4 orc wizards
  2 scorpion zombies (D:4)
  2 iguanas
  A hound skeleton (D:4)
  7 gnolls
  13 adders
  4 river rats (Sewer)
  A shadow imp (D:7)
  2 ufetubi
  2 adder zombies (D:4)
  2 adder skeletons (D:4)
  3 worms
  A dart slug (D:1)
  21 orcs
  8 ball pythons
  4 endoplasms
  3 giant cockroaches
  6 hobgoblins
  12 jackals
  6 quokkas
  5 bats
  8 frilled lizards
  5 kobolds
  7 rats
168 creatures vanquished.

Vanquished Creatures (others)
  2 withered plants (D:4)
2 creatures vanquished.

Grand Total: 170 creatures vanquished

Notes
Turn   | Place    | Note
-------+----------+-------------------------------------------
     0 | D:1      | porpoise the Merfolk Gladiator began the quest for the Orb.
     0 | D:1      | Reached XP level 1. HP: 16/16 MP: 1/1
   164 | D:1      | Reached XP level 2. HP: 12/23 MP: 2/2
   596 | D:1      | Reached XP level 3. HP: 24/28 MP: 3/3
   757 | D:1      | Found a faded altar of an unknown god.
  1786 | D:2      | Reached XP level 4. HP: 34/34 MP: 4/4
  2236 | D:3      | Reached skill level 5 in Polearms
  2604 | D:3      | Reached skill level 5 in Dodging
  2604 | D:3      | Reached XP level 5. HP: 17/41 MP: 5/5
  3035 | D:4      | Noticed a phantom
  3224 | D:4      | Reached skill level 6 in Polearms
  3224 | D:4      | Reached XP level 6. HP: 41/48 MP: 6/6
  3380 | D:4      | Reached skill level 5 in Fighting
  3705 | D:4      | Reached skill level 7 in Polearms
  3705 | D:4      | Reached XP level 7. HP: 40/56 MP: 7/7
  4019 | D:5      | Entered Level 5 of the Dungeon
  4210 | D:5      | Noticed Prince Ribbit
  4227 | D:5      | Killed Prince Ribbit
  4253 | D:5      | Found a glowing drain.
  4330 | Sewer    | Entered a sewer
  4561 | Sewer    | Reached skill level 8 in Polearms
  4747 | D:5      | Reached XP level 8. HP: 65/65 MP: 8/8
  4872 | D:5      | Reached skill level 9 in Polearms
  5092 | D:5      | Found a staircase to the Ecumenical Temple.
  5094 | D:5      | Noticed Ijyb
  5108 | D:5      | Killed Ijyb
  5122 | Temple   | Entered the Ecumenical Temple
  5418 | D:5      | Noticed Eustachio
  5442 | D:5      | Killed Eustachio
  5443 | D:5      | Reached skill level 10 in Polearms
  6214 | D:6      | Reached skill level 11 in Polearms
  6459 | D:6      | Reached skill level 12 in Polearms
  6459 | D:6      | Reached XP level 9. HP: 63/72 MP: 9/9
  6727 | D:6      | Reached skill level 13 in Polearms
  7138 | D:6      | Found a hide-covered altar of Uskayaw.
  7730 | D:7      | Paralysed by an orc for 2 turns
  7734 | D:7      | Reached skill level 1 in Armour
  8041 | D:7      | Reached skill level 14 in Polearms
  8147 | D:7      | Reached skill level 1 in Evocations
  8648 | D:7      | Found a sacrificial altar of Ru.
  8828 | D:7      | Reached XP level 10. HP: 68/79 MP: 10/10
  9283 | D:8      | Reached skill level 5 in Evocations
  9294 | D:8      | Slain by a yak

Illustrated notes

Levels and vault maps discovered:
D:1:      nicolae_arrival_washed_ashore, layout_rooms,
          dilly_ecumenical_altar_fadedgnrine
D:2:      layout_basic
D:3:      layout_basic, minmay_strange_pillars
D:4:      layout_cave_pools, serial_undead, serial_undead_d, serial_undead_f,
          serial_undead_f, serial_undead_e, serial_undead_a
D:5:      layout_loops_corners, minmay_temple_entry_wispy, gup_sewer_entry_bowl,
          nicolae_elevator_lobby_asterisk, uniq_ijyb, uniq_prince_ribbit1,
          uniq_eustachio
D:6:      layout_rooms, mainiacjoe_overflow_alcove_1,
          nicolae_kite_square_tiling_tiny
D:7:      layout_layer_cave, mainiacjoe_overflow_alcove_4
D:8:      layout_gridville
Temple:   regret_index_temple_chain_breaker

Skill      XL: |  1  2  3  4  5  6  7  8  9 10 |
---------------+-------------------------------+-----
Fighting       | 3 4 5 6 7 |  7.0
Polearms       | 5 6 7 8 12 14 | 14.0
Throwing       | 3 |  3.1
Dodging        | 5 6 7 |  7.0
Armour         | 2 3 |  3.0
Evocations     | 3 5 |  5.0

Action                   |  1- 3 |  4- 6 |  7- 9 | 10-12 || total
-------------------------+-------+-------+-------+-------++-------
Melee: Trident           |   117 |   192 |   489 |    61 ||   859
       Punch             |       |     2 |     7 |       ||     9
       Tailslap          |       |       |     3 |       ||     3
Throw: Throwing net      |       |       |     2 |       ||     2
       Dart              |       |       |     3 |       ||     3
Evoke: Wand              |       |       |     2 |     1 ||     3
  Use: Scroll            |       |     4 |     8 |     1 ||    13
       Potion            |       |     1 |     1 |     1 ||     3
 Stab: Sleeping          |     3 |       |       |       ||     3
Armor: Leather armour    |    22 |    18 |       |       ||    40
       Ring mail         |       |    41 |    99 |    13 ||   153
Dodge: Dodged            |    55 |   139 |   221 |    28 ||   443

Table legend: (Time is in decaauts)
 A = Elapsed time spent in this place.
 B = Non-inter-level travel time spent in this place.
 C = Inter-level travel time spent in this place.
 D = Time resting spent in this place.
 E = Time spent auto-exploring this place.
 F = Levels seen in this place.
 G = Mean time per level.
                   A        B        C        D        E       F      G
               +--------+--------+--------+--------+--------+-----+--------+
         Total |   9109 |   8818 |    291 |   3187 |   3841 |  10 |  910.9 |
       Dungeon |   8623 |   8354 |    269 |   3118 |   3705 |   8 | 1077.9 |
        Temple |    167 |    145 |     22 |      0 |    130 |   1 |  167.0 |
         Sewer |    318 |    318 |      0 |     69 |      6 |   1 |  318.0 |
               +--------+--------+--------+--------+--------+-----+--------+

Top non-repeatable levels by time:
     D:7: 1473 daAuts
     D:5: 1394 daAuts
     D:4: 1199 daAuts
     D:6: 1083 daAuts
     D:3: 1053 daAuts
     D:1: 1001 daAuts
     D:2: 920 daAuts
     D:8: 498 daAuts
   Sewer: 318 daAuts
  Temple: 167 daAuts
